 Dungeon Crawl Stone Soup version 0.20-a0-870-g4070442 (webtiles) character file.

7467 Alarkh the Grappler (level 11, 99/99 HPs)
             Began as a Ghoul Monk on Mar 12, 2017.
             Was a Priest of Okawaru.
             Quit the game on level 9 of the Dungeon on Mar 13, 2017.
             The game lasted 00:15:16 (12265 turns).

Alarkh the Grappler (Ghoul Monk)                   Turns: 12265, Time: 00:15:17

Health: 99/99      AC:  4    Str: 16    XL:     11   Next: 15%
Magic:  19/19      EV: 15    Int:  8    God:    Okawaru [***...]
Gold:   497        SH:  0    Dex: 11    Spells: 10/10 levels left

rFire    + . .     SeeInvis +     - Unarmed
rCold    + . .     Gourm    .   t - +1 leather armour {rF+}
rNeg     + + +     Faith    .   (no shield)
rPois    ∞         Spirit   +   (no helmet)
rElec    .         Reflect  .   y - scarf {repulsion}
rCorr    .         Harm     .   (no gloves)
MR       .....                  (no boots)
Stlth    ++........             v - amulet of guardian spirit
Regen    0.3/turn               g - ring of magical power
MPRegen  0.2/turn               F - ring of see invisible

@: rotting, repel missiles
A: rotting body, claws 1, carnivore 3, cold resistance 1, negative energy
resistance 3, inhibited regeneration, torment resistance, unbreathing
a: Heroism, Renounce Religion


You were on level 9 of the Dungeon.
You worshipped Okawaru.
Okawaru was most pleased with you.
You were not hungry.

You visited 2 branches of the dungeon, and saw 10 of its levels.
You also visited: Ossuary.

You collected 497 gold pieces.

Inventory:

Armour
 a - a +0 robe
 t - a +1 leather armour of fire resistance (worn)
 y - a scarf of repulsion (worn)
Jewellery
 g - a ring of magical power (right claw)
 n - an uncursed ring of stealth {unknown}
 v - an amulet of guardian spirit (around neck)
 F - a ring of see invisible (left claw)
Wands
 r - a wand of iceblast (9/15)
 s - a wand of digging (3/24)
 A - a wand of scattershot (5/9)
 C - a wand of disintegration (16/24)
 D - a wand of confusion (29/48)
 G - a wand of confusion (45/48)
Scrolls
 c - 3 scrolls of magic mapping
 d - 2 scrolls of random uselessness {unknown}
 e - 2 scrolls of identify
 h - 9 scrolls of remove curse
 k - 2 scrolls of fog
 l - 4 scrolls of immolation {unknown}
 o - 6 scrolls of teleportation {unknown}
 p - 3 scrolls of fear
 w - a scroll of enchant armour
 z - 2 scrolls of enchant weapon {unknown}
 B - 2 scrolls of noise {unknown}
 E - a scroll of amnesia {unknown}
Potions
 j - a potion of brilliance
 m - a potion of resistance {unknown}
 u - 2 potions of curing
 x - 3 potions of might
Books
 i - a book of Callings

   Spells                             Type                      Level
   a - Summon Small Mammal            Summoning                    1
   b - Call Imp                       Summoning                    2
   c - Call Canine Familiar           Summoning                    3
   d - Summon Guardian Golem          Hexes/Summoning              3
   e - Summon Lightning Spire         Summoning/Air                4
   f - Summon Ice Beast               Ice/Summoning                4
 q - a book of Necromancy

   Spells                             Type                      Level
   a - Pain                           Necromancy                   1
   b - Animate Skeleton               Necromancy                   1
   c - Vampiric Draining              Necromancy                   3
   d - Regeneration                   Charms/Necromancy            3
   e - Animate Dead                   Necromancy                   4
   f - Control Undead                 Necromancy                   4
Comestibles
 b - 3 meat rations
 f - 4 royal jellies
 H - 6 chunks of flesh


   Skills:
 + Level 9.7 Fighting
 + Level 8.3 Dodging
 - Level 2.1 Stealth
 * Level 13.1 Unarmed Combat


You had 10 spell levels left.
You didn't know any spells.

Dungeon Overview and Level Annotations

Branches:
Dungeon (9/15)             Temple (1/1) D:7            Lair (0/6) D:9
    Orc: D:9-12

Altars:
Ashenzari
Cheibriados
Dithmenos
Elyvilon
Fedhas
Gozag
Hepliaklqana
Kikubaaqudgha
Makhleb
Nemelex Xobeh
Okawaru
Qazlal
Ru
Sif Muna
Trog
Uskayaw
Vehumet
Wu Jian
Xom
Yredelemnul
Zin
The Shining One

Shops:
D:8 (


Innate Abilities, Weirdness & Mutations

Your body is rotting away.
You thrive on raw meat.
You are immune to poison.
You have sharp fingernails.
You are carnivorous and can eat meat at any time.
Your flesh is cold resistant. (rC+)
You are immune to negative energy. (rN+++)
You do not regenerate when monsters are visible.
You are immune to unholy pain and torment.
You can survive without breathing.


Message History

The hornet barely misses you.
You scratch the hornet. Your claw misses the hornet.
The hornet is almost dead.
The hornet closely misses you. The hornet stings you!
You claw the hornet!
You kill the hornet!
Okawaru accepts your kill.
No target in view!
H - 6 chunks of flesh
Found a chain mail.
You see here a chain mail.
You see here a chain mail.
Done exploring.
Done exploring.
Done exploring.
Saving game... please wait.
Welcome back, Alarkh the Ghoul Monk.
Okawaru says: Bring me glory in combat!
Press ? for a list of commands and other information.
Are you sure you want to abandon this character and quit the game? (Confirm with "yes".)

### ###
#####.#########.#
................#
#####..########.#######
#...........@...#.#
#.##.#.####.###.#.#
#.##.#............#
#.##/#.......##.#.#
#.##.#######.##.#.#
#.##.#######.##.#.###
#...................#
#..#.#######.###.#.##
#####..#.#######.###.#.#


There were no monsters in sight!

Vanquished Creatures
  3 two-headed ogres
  The ghost of Duffy the Blocker, a novice FoFi of Makhleb (D:7)
  A hornet (D:9)
  A troll (D:9)
  Grinder (D:3)
  Prince Ribbit (D:5)
  A hippogriff (D:9)
  Sigmund (D:6)
  Eustachio (D:5)
  2 hell hounds (D:9)
  4 ice beasts
  2 orc warriors
  2 phantoms
  A sky beast (D:9)
  3 ogres
  A crocodile (D:9)
  3 centaurs
  A big kobold (D:9)
  4 bullfrogs
  An elf zombie (Ossuary)
  3 scorpions
  3 wights (D:9)
  4 electric eels (D:9)
  2 howler monkeys
  7 crimson imps
  2 centaur zombies (Ossuary)
  4 hounds
  A human zombie (Ossuary)
  4 orc priests
  A gnoll shaman (D:5)
  3 iguanas
  2 orc wizards
  8 worker ants
  A big kobold zombie (Ossuary)
  2 mummies (Ossuary)
  A hound zombie (D:7)
  A howler monkey zombie (D:5)
  10 adders
  13 gnolls
  3 shadow imps
  An ooze (D:4)
  An adder skeleton (D:5)
  2 worms (D:2)
  A dart slug (D:1)
  5 leopard geckos
  22 orcs
  6 bats (D:1)
  3 giant cockroaches
  A goblin (D:1)
  6 hobgoblins
  3 jackals (D:6)
  12 kobolds
  4 quokkas
  A frilled lizard (D:1)
  12 hobgoblin zombies (Ossuary)
  A jackal skeleton (D:8)
  3 jackal zombies (Ossuary)
  12 kobold zombies (Ossuary)
  4 orc zombies (Ossuary)
  4 rats
  A rat zombie (Ossuary)
  4 bushes (D:4)
  A plant (D:4)
220 creatures vanquished.

Vanquished Creatures (others)
  A hobgoblin (D:3)
  A bush (D:6)
  A plant (D:4)
3 creatures vanquished.

Grand Total: 223 creatures vanquished

Notes
Turn   | Place    | Note
-------+----------+-------------------------------------------
     0 | D:1      | Alarkh the Ghoul Monk began the quest for the Orb.
     0 | D:1      | Reached XP level 1. HP: 19/19 MP: 0/0
   153 | D:1      | Reached XP level 2. HP: 26/26 MP: 1/1
   742 | D:1      | Reached XP level 3. HP: 30/31 MP: 2/2
   939 | D:1      | Reached skill level 4 in Unarmed Combat
  2200 | D:3      | Reached XP level 4. HP: 39/40 MP: 3/3
  2444 | D:3      | Noticed Grinder
  2454 | D:3      | Paralysed by Grinder for 5 turns
  2469 | D:3      | Killed Grinder
  2469 | D:3      | Reached skill level 5 in Unarmed Combat
  2469 | D:3      | Reached XP level 5. HP: 16/46 MP: 4/4
  2469 | D:3      | Reached XP level 6. HP: 19/52 MP: 5/5
  2728 | D:3      | Found a white marble altar of Elyvilon.
  3068 | D:4      | Reached skill level 6 in Unarmed Combat
  3253 | D:4      | Reached XP level 7. HP: 44/60 MP: 6/6
  3257 | D:4      | Reached skill level 5 in Fighting
  3432 | D:4      | Found an ornate altar of the Wu Jian Council.
  4645 | D:5      | Entered Level 5 of the Dungeon
  4823 | D:5      | Found a sand-covered staircase.
  4828 | Ossuary  | Entered an ossuary
  4990 | Ossuary  | Reached skill level 7 in Unarmed Combat
  5286 | Ossuary  | Reached XP level 8. HP: 53/70 MP: 7/7
  5799 | D:5      | Reached skill level 5 in Dodging
  6087 | D:5      | Reached skill level 8 in Unarmed Combat
  6972 | D:6      | Noticed Eustachio
  6979 | D:6      | Noticed Sigmund
  7246 | D:5      | Killed Eustachio
  7291 | D:5      | Reached skill level 9 in Unarmed Combat
  7367 | D:6      | Found a blossoming altar of Fedhas.
  7369 | D:6      | Noticed Prince Ribbit
  7379 | D:6      | Killed Sigmund
  7379 | D:6      | Reached XP level 9. HP: 68/78 MP: 8/8
  7640 | D:5      | Killed Prince Ribbit
  8077 | D:6      | Reached skill level 10 in Unarmed Combat
  8542 | D:7      | Found a staircase to the Ecumenical Temple.
  8547 | Temple   | Entered the Ecumenical Temple
  8900 | D:7      | Noticed Duffy's ghost (novice FoFi)
  8932 | D:7      | Killed Duffy's ghost
  8936 | D:7      | Reached skill level 11 in Unarmed Combat
  8942 | D:7      | Reached XP level 10. HP: 26/88 MP: 3/9
  9522 | D:8      | Noticed a two-headed ogre
  9541 | D:8      | Killed a two-headed ogre
  9948 | D:8      | Found an iron altar of Okawaru.
  9952 | D:8      | Found Xill's Weapon Emporium.
  9960 | D:8      | Became a worshipper of Warmaster Okawaru
  9960 | D:8      | Reached * piety under Okawaru
  9960 | D:8      | Reached ** piety under Okawaru
 10034 | D:8      | Found a burning altar of Makhleb.
 10124 | D:8      | Noticed a two-headed ogre
 10132 | D:8      | Killed a two-headed ogre
 10132 | D:8      | Reached skill level 12 in Unarmed Combat
 10803 | D:9      | Found a staircase to the Lair.
 10811 | D:9      | Noticed a two-headed ogre
 10824 | D:9      | Killed a two-headed ogre
 11010 | D:9      | Reached *** piety under Okawaru
 11307 | D:9      | Reached XP level 11. HP: 52/97 MP: 10/10
 11548 | D:9      | Found a deep blue altar of Sif Muna.
 11554 | D:9      | Found a sparkling altar of Nemelex Xobeh.
 11557 | D:9      | Found a sacrificial altar of Ru.
 11975 | D:9      | Reached skill level 13 in Unarmed Combat
 12265 | D:9      | Upgraded the game from 0.20-a0-864-g92acfd1 to 0.20-a0-870-g4070442
 12265 | D:9      | Quit the game

Vault maps used:
D:1:      minmay_arrival_jagged, minmay_fountain_box
D:2:      first_bread
D:3:      elyvilon_altar_4, uniq_grinder
D:4:      lemuel_crystal_altar, serial_forest, infiniplex_forest_end_2,
          infiniplex_forest_lined_room_2, infiniplex_forest_zigzag_2,
          infiniplex_forest_clump_C, infiniplex_forest_clump_diagonal,
          infiniplex_forest_end_2, infiniplex_forest_clump_medium,
          infiniplex_forest_straight_1, infiniplex_forest_end_2,
          infiniplex_forest_lined_3
D:5:      enter_ossuary_5, minmay_item_behind_shaft, kennysheep_generic_room_2
D:6:      fedhas_bush_and_centaur_altar, uniq_eustachio, uniq_prince_ribbit1,
          uniq_sigmund
D:7:      temple_doors_e
D:8:      okawaru_trees_2, kennysheep_mini_moat, serial_shops, shop_fountains
D:9:      grunt_temple_overflow_diamond, minmay_lair_entry_lava
Temple:   regret_index_temple_generic_petals
Ossuary:  ossuary_tomb_1

Skill      XL: |  1  2  3  4  5  6  7  8  9 10 11 |
---------------+----------------------------------+-----
Dodging        | 3 4 5 6 8 |  8.3
Unarmed Combat | 4 5 6 7 9 11 12 13 | 13.1
Fighting       | 4 5 6 8 9 |  9.7
Stealth        | |  2.1

Action                   |  1- 3 |  4- 6 |  7- 9 | 10-12 || total
-------------------------+-------+-------+-------+-------++-------
Melee: Unarmed           |   105 |   103 |   679 |   199 ||  1086
       Punch             |     1 |     3 |    21 |    10 ||    35
Invok: Heroism           |       |       |       |     2 ||     2
  Use: Potion            |       |     2 |     5 |     1 ||     8
       Scroll            |       |       |     5 |     4 ||     9
 Stab: Sleeping          |     6 |       |       |     3 ||     9
  Eat: Chunk             |    11 |    12 |    28 |    27 ||    78
Armor: Robe              |    22 |     7 |     1 |       ||    30
       Leather armour    |       |       |    59 |    21 ||    80
Dodge: Dodged            |    72 |    44 |   326 |   100 ||   542
       Deflected         |       |       |     1 |     4 ||     5
